 Dungeon Crawl Stone Soup version 0.28-a0-925-gd5e1996cdb (webtiles) character file.

Game seed: 1040434025847965813

3 vincint2002 the Skirmisher (level 1, 0/14 HPs)
             Began as a Gargoyle Fighter on Nov 26, 2021.
             Slain by a goblin (4 damage)
             ... led by Robin
             ... on level 2 of the Dungeon.
             The game lasted 00:00:27 (26 turns).

vincint2002 the Skirmisher (Gargoyle Fighter)         Turns: 26, Time: 00:00:28

Health: 0/14       AC:  9    Str: 19    XL:     1   Next: 50%
Magic:  1/1        EV:  9    Int:  8    God:
Gold:   0          SH:  4    Dex:  9    Spells: 0/0 levels left

rFire   . . .      SeeInvis .   a - +0 flail
rCold   . . .      Faith    .   c - +0 buckler
rNeg    + . .      Spirit   .   b - +0 scale mail
rPois   ∞          Reflect  .   (no helmet)
rElec   +          Harm     .   (no cloak)
rCorr   .          Rampage  .   (no gloves)
Will    .....                   (no boots)
Stlth   ..........              (no amulet)
HPRegen 0.04/turn               (no ring)
MPRegen 0.07/turn               (no ring)

@: no status effects
A: sickness immunity, AC +2, negative energy resistance 1, electricity
resistance, torment resistance 1, petrification resistance
a: no special abilities


You were on level 2 of the Dungeon.
You visited 1 branch of the dungeon, and saw 2 of its levels.

Inventory:

Hand Weapons
 a - a +0 flail (weapon)
Armour
 b - a +0 scale mail (worn)
 c - a +0 buckler (worn)
Potions
 d - a potion of might


   Skills:
 + Level 3.3 Fighting
 * Level 2.1 Maces & Flails
 + Level 3.3 Armour
 + Level 3.3 Shields


You couldn't memorise any spells.
You didn't know any spells.
Your spell library was empty.

Dungeon Overview and Level Annotations

Branches:
Dungeon (1/15)

Altars:

Annotations:
D:2 Robin


Innate Abilities, Weirdness & Mutations

You are immune to sickness and miasma.
Your stone body is resilient. (AC +2)
You are immune to poison.
You resist negative energy. (rN+)
You are resistant to electric shocks. (rElec)
You are resistant to unholy torment.
You are immune to petrification.


Message History

Found 15 stones.
An adder comes into view.
Robin throws the goblin at you! The goblin closely misses you.
You sock the goblin!
You kill the goblin!
You block the goblin's attack. The goblin hits you with a +0 club.
The goblin closely misses you. Robin throws the goblin at you!
The hobgoblin closely misses you. The goblin hits you but does no damage.
Things that are here:
a +0 club; a goblin corpse You miss the goblin.
You block the adder's attack.
Robin roars a battlecry!
The goblins go into a battle-frenzy!
The hobgoblin barely misses you. The goblin barely misses you.
The goblin hits you with a +0 club. The adder closely misses you.
You hit the goblin.
You kill the goblin!
The adder bites you but does no damage. The hobgoblin barely misses you.
The goblin hits you but does no damage. The adder barely misses you.
You block the hobgoblin's attack.
Robin's horned helmet rattles.
Robin throws the goblin at you!
You hit the goblin.
You kill the goblin!
You block the goblin's attack. The adder bites you but does no damage.
The hobgoblin barely misses you. x2; The goblin hits you with a +0 dagger.
You barely miss the hobgoblin. The adder bites you but does no damage.
The hobgoblin hits you but does no damage.
The adder bites you but does no damage. The hobgoblin closely misses you.
The goblin barely misses you.
You barely miss the hobgoblin. The adder bites you.
The hobgoblin closely misses you.
The hobgoblin hits you but does no damage.
You block the goblin's attack. The adder bites you.
* * * LOW HITPOINT WARNING * * *
You sock the hobgoblin!
You kill the hobgoblin!
The goblin hits you with a +0 dagger.
You die...

#. ... ###.# #...#
###########.#.+
#.........g...#
+........wgS#.##+##
###.......ggg@g...(..
#..........g###.#.#.#
#...........# ..
#...........# .#
#...........# #
#...........#
...........##
..########## .


You could see a worm, Robin, an adder, 2 hobgoblins and 4 goblins.

Vanquished Creatures
  A hobgoblin (D:2)
  3 goblins (D:2)
4 creatures vanquished.

Notes
Turn   | Place    | Note
-------+----------+-------------------------------------------
     0 | D:1      | vincint2002 the Gargoyle Fighter began the quest for the
                  | Orb.
     0 | D:1      | Reached XP level 1. HP: 14/14 MP: 1/1
    11 | D:1      | You fall into a shaft and drop 1 floor!
    11 | D:2      | Noticed Robin
    26 | D:2      | Slain by a goblin

Illustrated notes

Levels and vault maps discovered:
D:1:      lightli_iron_boxes, layout_basic, chequers_ecumenical_altar_simple
D:2:      layout_basic, minmay_misc_feat_doors, uniq_natasha, uniq_robin

Action                   || total
-------------------------++-------
Melee: Flail             ||     7
Armor: Scale mail        ||    11
Dodge: Dodged            ||    14
Block: Buckler           ||     5

Table legend: (Time is in decaauts)
 A = Elapsed time spent in this place.
 B = Non-inter-level travel time spent in this place.
 C = Inter-level travel time spent in this place.
 D = Time resting spent in this place.
 E = Time spent auto-exploring this place.
 F = Levels seen in this place.
 G = Mean time per level.
                   A        B        C        D        E       F      G
               +--------+--------+--------+--------+--------+-----+--------+
         Total |     27 |     27 |      0 |      0 |      7 |   2 |   13.5 |
       Dungeon |     27 |     27 |      0 |      0 |      7 |   2 |   13.5 |
               +--------+--------+--------+--------+--------+-----+--------+

Top non-repeatable levels by time:
     D:2: 16 daAuts
     D:1: 11 daAuts
